 Dungeon Crawl Stone Soup version 0.30-a0-4-ga7cffc901d (webtiles) character file.

Game seed: 13268285385108657075

40 Spectrina the Magician (level 3, -4/26 HPs)
             Began as a Djinni Venom Mage on Aug 21, 2022.
             Hit by a boomerang thrown by a goblin (5 damage)
             ... on level 2 of the Dungeon.
             The game lasted 00:06:20 (768 turns).

Spectrina the Magician (Djinni Venom Mage)           Turns: 768, Time: 00:06:21

Health: -4/26      AC:  6    Str:  7    XL:     3   Next: 72%
Gold:   71         EV: 12    Int: 18    God:
                   SH:  0    Dex: 13

rFire   + + .      SeeInvis .    (no weapon)
rCold   x . .      Faith    .    (no shield)
rNeg    + . .      Spirit   .    h - +2 robe "Gogushro" {rN+}
rPois   ∞          Reflect  .    (no helmet)
rElec   .          Harm     .    k - +0 cloak
rCorr   .          Rampage  .    g - +0 pair of gloves
Will    .....                    (boots unavailable)
Stlth   ++........               (no amulet)
HPRegen 0.08/turn                (no ring)
MPRegen 0.00/turn                (no ring)

@: flying
A: sickness immunity, fire resistance 2, cold vulnerability 1, float, innate
caster, HP casting, extra vitality 1
a: no special abilities


You were on level 2 of the Dungeon.
You visited 1 branch of the dungeon, and saw 2 of its levels.

You collected 96 gold pieces.
You spent 25 gold pieces at shops.

Inventory:

Armour
 a - a +0 robe
 g - a +0 pair of gloves (worn)
 h - the +2 robe "Gogushro" (worn) {rN+}
   (You found it on level 2 of the Dungeon)

   rN:        It protects you from negative energy.
 k - a +0 cloak (worn)
Scrolls
 c - a scroll of identify {unknown}
 d - 3 scrolls of teleportation {unknown}
 i - a scroll of vulnerability {unknown}
Potions
 b - a potion of lignification {unknown}
 e - 3 potions of haste {unknown}
 f - a potion of heal wounds {unknown}
 j - a potion of ambrosia {unknown}
 l - a potion of resistance {unknown}


   Skills:
 + Level 0.8 Fighting
 + Level 2.6 Dodging
 + Level 1.9 Stealth
 * Level 2.8 Spellcasting
 + Level 1.1 Invocations


You couldn't memorise any spells.
You knew the following spells:

 Your Spells              Type           Power      Damage    Failure   Level
a - Sting                 Tmut/Pois      48%        1d5       4%          1
f - Freeze                Ice            48%        1d7       4%          1
l - Mephitic Cloud        Conj/Pois/Air  12%        N/A       16%         3
q - Poisonous Vapours     Pois/Air       24%        N/A       8%          2
w - Olgreb's Toxic Radia  Pois           12%        N/A       45%         4
Your spell library was empty.

Dungeon Overview and Level Annotations

Branches:
Dungeon (2/15)

Altars:

Shops:
D:1 *


Innate Abilities, Weirdness & Mutations

You are immune to sickness and miasma.
You are immune to poison.
Your flesh is very heat resistant. (rF++)
You are vulnerable to cold. (rC-)
You float through the air rather than walking.
You learn spells naturally, not from books.
Your magical power is your life essence.
You have superior vitality. (+4 MHP)


Message History

The dart slug is moderately wounded.
* * * LOW HITPOINT WARNING * * *
The dart slug launches a dart at you.
The slug dart hits you but does no damage.
Casting: Freeze (safe; 5% risk of failure)
Confirm with . or Enter, or press ? or * to list all spells.
Aiming: Freeze (safe; 5% risk of failure)
Press: ? - help, Shift-Dir - straight line, f/p - dart slug
Aim: a dart slug (moderately wounded)
You freeze the dart slug!
You kill the dart slug!
* * * LOW HITPOINT WARNING * * *
Unknown command.
You see here a dart slug corpse.
Found a club.
You see here a +0 club.
A rat comes into view.
Casting: Freeze (safe; 4% risk of failure)
Confirm with . or Enter, or press ? or * to list all spells.
Aiming: Sting (safe; 4% risk of failure)
Press: ? - help, Shift-Dir - straight line, f - rat
Aim: a rat (71% to hit)
The sting misses the rat.
* * * LOW HITPOINT WARNING * * *
Casting: Sting (safe; 4% risk of failure)
Confirm with . or Enter, or press ? or * to list all spells.
Aiming: Freeze (safe; 4% risk of failure)
Press: ? - help, Shift-Dir - straight line, f/p - rat
Aim: a rat You freeze the rat.
You kill the rat!
* * * LOW HITPOINT WARNING * * *
Unknown command.
A goblin comes into view. It is wielding a staff of death.
Unknown command.
Okay, then.
Okay, then.
The goblin shouts!
The goblin throws a boomerang.
The boomerang hits you.
You die...

.. #.### ##
########## #...#
#........# ###.#
#†######.# #.# #
#.# #.#####.#
#.#.# #.......#
#.#.###
#########
#.....#
#.#.#@#####
#.........#
#.#.#.###.g...
.............###
#####.######.#
#.# #. .. ##


You could see a goblin.

Vanquished Creatures
  An adder (D:2)
  A dart slug (D:2)
  2 endoplasms (D:1)
  A giant cockroach (D:1)
  2 goblins
  2 hobgoblins (D:2)
  A kobold (D:1)
  3 quokkas (D:1)
  4 ball pythons
  2 bats (D:1)
  2 frilled lizards (D:1)
  7 rats
28 creatures vanquished.

Notes
Turn   | Place    | Note
-------+----------+-------------------------------------------
     0 | D:1      | Spectrina the Djinni Venom Mage began the quest for the
                  | Orb.
     0 | D:1      | Spectrina set off with the following spells memorised:
                  | Sting, Poisonous Vapours, Mephitic Cloud, Olgreb's Toxic
                  | Radiance.
     0 | D:1      | Reached XP level 1. HP: 15/15 MP: 0/0
   200 | D:1      | Found a faded altar of an unknown god.
   204 | D:1      | Reached XP level 2. HP: 14/21 MP: 0/0
   218 | D:1      | Found Appuk's Assorted Antiques.
   224 | D:1      | Bought a fizzy inky potion for 25 gold pieces
   346 | D:2      | Identified the +2 robe "Gogushro" {rN+}
   602 | D:1      | Reached XP level 3. HP: 6/26 MP: 0/0
   602 | D:1      | Learned a level 1 spell: Freeze
   652 | D:2      | Reached skill level 1 in Invocations
   768 | D:2      | Hit by a boomerang thrown by a goblin

Illustrated notes

Levels and vault maps discovered:
D:1:      dpeg_chamrin_arrival_tetris, layout_loops_ring, serial_shops, shop,
          shapermc_ecumenical_altar_totnotflames
D:2:      layout_loops_ring, basic_altar, serial_shops, shop,
          uniq_crazy_yiuf_cottage

Skill      XL: |  1  2  3 |
---------------+----------+-----
Invocations    | 1 |  1.1
Fighting       | |  0.8
Dodging        | |  2.6
Stealth        | |  1.9
Spellcasting   | |  2.8

Action                   || total
-------------------------++-------
Melee: Unarmed           ||     4
 Cast: Sting             ||    47
       Freeze            ||     8
Armor: Robe              ||     4
Dodge: Dodged            ||    10

Table legend: (Time is in decaauts)
 A = Elapsed time spent in this place.
 B = Non-inter-level travel time spent in this place.
 C = Inter-level travel time spent in this place.
 D = Time resting spent in this place.
 E = Time spent auto-exploring this place.
 F = Levels seen in this place.
 G = Mean time per level.
                   A        B        C        D        E       F      G
               +--------+--------+--------+--------+--------+-----+--------+
         Total |    767 |    767 |      0 |      0 |      0 |   2 |  383.5 |
       Dungeon |    767 |    767 |      0 |      0 |      0 |   2 |  383.5 |
               +--------+--------+--------+--------+--------+-----+--------+

Top non-repeatable levels by time:
     D:1: 583 daAuts
     D:2: 184 daAuts
